 Dungeon Crawl Stone Soup version 0.29-a0-878-g7b45a56547 (webtiles) character file.

Game seed: 13143528968232209271

1765 27snakeeyes612 the Thaumaturge (level 8, -1/41 HPs)
             Began as a Deep Elf Conjurer on July 20, 2022.
             Was a Follower of Sif Muna.
             Slain by an unseen horror (9 damage)
             ... on level 6 of the Dungeon.
             The game lasted 00:09:56 (5866 turns).

27snakeeyes612 the Thaumaturge (Deep Elf Conjurer)  Turns: 5866, Time: 00:09:57

Health: -1/41      AC:  6    Str:  4    XL:     8   Next: 79%
Magic:  22/31      EV: 15    Int: 26    God:    Sif Muna [*.....]
Gold:   330        SH:  0    Dex: 13    Spells: 17/23 levels left

rFire   . . .      SeeInvis .   e - +4 spear of Fimbulwinter {vorpal, rN+ MP+9}
rCold   . . .      Faith    .   (no shield)
rNeg    + . .      Spirit   .   a - +0 robe
rPois   .          Reflect  .   (no helmet)
rElec   .          Harm     .   (no cloak)
rCorr   .          Rampage  .   (no gloves)
Will    .....                   (no boots)
Stlth   ++++......              g - amulet of regeneration
HPRegen 0.93/turn               h - +4 ring of protection
MPRegen 0.22/turn               (no ring)

@: no status effects
A: no striking features
a: Renounce Religion, Channel Magic


You were on level 6 of the Dungeon.
You worshipped Sif Muna.
Sif Muna was aware of your devotion.
You visited 2 branches of the dungeon, and saw 7 of its levels.

You collected 330 gold pieces.

Inventory:

Hand Weapons
 d - a +1 falchion
 e - the +4 spear of Fimbulwinter (weapon) {vorpal, rN+ MP+9}
   (You found it on level 2 of the Dungeon)

   It inflicts extra damage upon your enemies.
   rN:        It protects you from negative energy.
   MP:        It affects your magic capacity (+9).
Missiles
 y - 2 throwing nets
Armour
 a - a +0 robe (worn)
Magical Staves
 i - a staff of death
Jewellery
 g - an amulet of regeneration (around neck)
 h - a +4 ring of protection (left hand)
 m - a ring of flight
Wands
 u - a wand of roots (9)
 x - a wand of flame (19)
 z - a wand of charming (3)
Scrolls
 o - a scroll of blinking {unknown}
 q - a scroll of teleportation
 r - a scroll of immolation
 s - a scroll of fog
 v - 2 scrolls of identify
 w - 2 scrolls of fear
 C - a scroll of magic mapping
Potions
 b - a potion of magic
 c - a potion of resistance
 f - 3 potions of haste
 j - 2 potions of curing {unknown}
 l - a potion of attraction {unknown}
 n - 2 potions of mutation {unknown}
 p - 2 potions of ambrosia {unknown}
 t - 3 potions of lignification {unknown}
 A - 2 potions of brilliance {unknown}
 B - a potion of flight {unknown}


   Skills:
 + Level 7.2 Dodging
 + Level 7.8 Stealth
 + Level 8.0 Spellcasting
 + Level 7.6 Conjurations


You had 17 spell levels left.
You knew the following spells:

 Your Spells              Type           Power      Damage    Failure   Level
a - Magic Dart            Conj           100%       1d8       1%          1
b - Searing Ray           Conj           98%        2d8       1%          2
c - Dazzling Flash        Conj/Hex       60%        N/A       3%          3

Your spell library contained the following spells:

 Spells                   Type           Power      Damage    Failure   Level
 Static Discharge         Conj/Air       30%        3-7/arc   1%          2
 Fulminant Prism          Conj/Hex       15%        3d11      12%         4
 Iskenderun's Mystic Bla  Conj/Tloc      30%        2d8       12%         4
 Sticky Flame             Conj/Fire      30%        2d5       12%         4
 Call Canine Familiar     Summ           10%        N/A       17%         3
 Portal Projectile        Hex/Tloc       20%        N/A       17%         3
 Dispel Undead            Necr           10%        3d9       50%         4
 Leda's Liquefaction      Hex/Erth       5%         N/A       50%         4


Dungeon Overview and Level Annotations

Branches:
Dungeon (6/15)             Temple (1/1) D:4

Altars:
Gozag
Kikubaaqudgha
Nemelex Xobeh
Okawaru
Qazlal
Sif Muna
Trog
Uskayaw
Wu Jian
Xom
Yredelemnul

Annotations:
D:3 1 runed translucent door, hackon's ghost, amateur HOCA


Message History

Restarting spell: Searing Ray (safe; 1% risk of failure)
Press: ? - help, Q - select action, (/) - cycle Shift-Dir - straight line (Press . to maintain the ray.)
Something barely misses you. x2
Restarting spell: Searing Ray (safe; 1% risk of failure)
Press: ? - help, Q - select action, (/) - cycle Shift-Dir - straight line (Press . to maintain the ray.)
Something hits you. Something hits you!
You closely miss something. Something hits you!
Something hits you but does no damage. Something hits you but does no damage.
Something hits you. Something barely misses you. Something hits you.
There is an open door here.
Something hits you!
You see here a hound corpse.
Something completely misses you. Something hits you!
* * * LOW HITPOINT WARNING * * *
There is a stone staircase leading up here.
Aiming: Searing Ray (safe; 1% risk of failure)
Press: ? - help, Q - select action, (/) - cycle Shift-Dir - straight line The searing ray hits something. (Press . to maintain the ray.)
Something hits you.
* * * LOW HITPOINT WARNING * * *
You feel much better. Something hits you. Something hits you!
Aiming: Searing Ray (safe; 1% risk of failure)
Press: ? - help, Q - select action, (/) - cycle Shift-Dir - straight line The searing ray hits something. (Press . to maintain the ray.)
Something hits you. Something hits you!
* * * LOW HITPOINT WARNING * * *
You are too injured to fight recklessly!
Restarting spell: Searing Ray (safe; 1% risk of failure)
Press: ? - help, Q - select action, (/) - cycle Shift-Dir - straight line The searing ray hits something! (Press . to maintain the ray.)
Something hits you!
You die...

*###,,.......###.###....#....,,,,
* *,,,........##.............,,,,
***,,,........##......#.#...,,,,,
,*,,,*,,,,,#...#.####.#.#........
,*,,,*,,,,,#...#.# #.#.#........
,+,,,*,,,**###.'.####.#.#........
**,,,*,,,,,#...#†.......+........
+*,,,*,,,,,#...#{######.#........
***,,,,,,.....##@.......#........
*,*,,,,.......##.#.....##........
*,**,,.......###.#.###.##........
**,***..(..#####.#.##............
*,* *######.................###.
*,* *,,#..######.###.####### #.
*,* *,,#.<# #.# #.# #.
**,****,,#..# #.# #.#########.
,,,,,,,,,#..# #.# #...........


There were no monsters in sight!

Vanquished Creatures
  2 water moccasins (D:4)
  An ice beast (D:6)
  An orc warrior (D:6)
  2 black bears
  A phantom (D:6)
  2 centaurs
  A bullfrog (D:6)
  3 scorpions
  6 hounds
  3 orc priests
  A jelly (D:6)
  Ijyb (D:4)
  Terence (D:2)
  3 orc wizards
  3 iguanas
  7 gnolls (D:5)
  6 adders
  3 worms
  3 dart slugs
  15 orcs
  6 ball pythons
  4 bats
  8 endoplasms
  2 giant cockroaches
  6 goblins
  6 hobgoblins
  11 jackals
  5 kobolds
  2 quokkas
  5 rats
120 creatures vanquished.

Vanquished Creatures (others)
  6 plants (D:3)
6 creatures vanquished.

Grand Total: 126 creatures vanquished

Notes
Turn   | Place    | Note
-------+----------+-------------------------------------------
     0 | D:1      | 27snakeeyes612 the Deep Elf Conjurer began the quest for
                  | the Orb.
     0 | D:1      | Reached XP level 1. HP: 10/10 MP: 6/6
   207 | D:1      | Reached XP level 2. HP: 15/15 MP: 6/8
  1065 | D:2      | Noticed Terence
  1108 | D:2      | Learned a level 2 spell: Searing Ray
  1229 | D:2      | Reached XP level 3. HP: 19/19 MP: 7/10
  1706 | D:2      | Killed Terence
  1707 | D:2      | Reached skill level 4 in Spellcasting
  1707 | D:2      | Reached XP level 4. HP: 20/24 MP: 0/12
  1891 | D:2      | Identified the +4 spear of Fimbulwinter {vorpal, rN+ MP+9}
  2307 | D:3      | Reached skill level 5 in Conjurations
  2340 | D:3      | Reached XP level 5. HP: 23/28 MP: 7/13
  2769 | D:3      | Found a runed translucent door.
  2820 | D:3      | Noticed hackon's ghost (amateur HOCA)
  3090 | D:4      | Found an iron altar of Okawaru.
  3090 | D:4      | Found a basalt altar of Yredelemnul.
  3163 | D:4      | Found a staircase to the Ecumenical Temple.
  3216 | Temple   | Entered the Ecumenical Temple
  3222 | Temple   | Became a worshipper of Sif Muna the Loreminder
  3263 | D:4      | Noticed a black bear
  3272 | D:4      | Killed a black bear
  3273 | D:4      | Reached skill level 5 in Spellcasting
  3273 | D:4      | Reached XP level 6. HP: 28/32 MP: 15/15
  3458 | D:4      | Noticed a water moccasin
  3467 | D:4      | Killed a water moccasin
  3468 | D:4      | Reached skill level 5 in Stealth
  3570 | D:4      | Noticed a water moccasin
  3575 | D:4      | Killed a water moccasin
  3576 | D:4      | Reached skill level 5 in Dodging
  3576 | D:4      | Reached XP level 7. HP: 36/36 MP: 17/17
  3707 | D:4      | Noticed Ijyb
  3714 | D:4      | Killed Ijyb
  4041 | D:5      | Entered Level 5 of the Dungeon
  4051 | D:5      | Reached * piety under Sif Muna
  4052 | D:5      | Reached skill level 6 in Spellcasting
  4767 | D:5      | Found a hide-covered altar of Uskayaw.
  4949 | D:5      | Reached XP level 8. HP: 41/41 MP: 20/20
  5141 | D:6      | Reached skill level 7 in Spellcasting
  5672 | D:6      | Learned a level 3 spell: Dazzling Flash
  5782 | D:6      | Reached skill level 8 in Spellcasting
  5866 | D:6      | Slain by an unseen horror

Illustrated notes

Levels and vault maps discovered:
D:1:      ebering_trefoil_3fold, layout_basic
D:2:      layout_basic, uniq_terence
D:3:      layout_rooms, serial_forest, infiniplex_forest_zigzag_1,
          infiniplex_forest_clump_large, infiniplex_forest_end_1,
          infiniplex_forest_corner_1, infiniplex_forest_lined_room_3,
          infiniplex_forest_clump_curved, ebering_ghost_reflecting_pool,
          hangedman_decor_riveting
D:4:      layout_gridville, gammafunk_temple_overflow_pools,
          minmay_temple_entry_junction, uniq_ijyb
D:5:      layout_loops_ring, lemuel_tele_altar, minmay_misc_feat_doors,
          kennysheep_nondescript, grunt_ministairs_8
D:6:      layout_basic, evilmike_ruin_ashenzari, grunt_potential
Temple:   eino_narrow_crystal_temple

Skill      XL: |  1  2  3  4  5  6  7  8 |
---------------+-------------------------+-----
Stealth        | 3 4 5 6 7 |  7.8
Dodging        | 3 4 5 6 7 |  7.2
Spellcasting   | 4 5 6 8 |  8.0
Conjurations   | 5 6 7 |  7.6

Action                   |  1- 3 |  4- 6 |  7- 9 || total
-------------------------+-------+-------+-------++-------
Melee: Unarmed           |    24 |       |       ||    24
       Falchion          |       |     4 |       ||     4
       Spear             |       |       |     1 ||     1
 Cast: Magic Dart        |    53 |    22 |       ||    75
       Searing Ray       |     8 |    28 |    56 ||    92
  Use: Scroll            |     3 |     2 |     5 ||    10
       Potion            |       |     2 |     1 ||     3
 Stab: Sleeping          |     1 |       |       ||     1
Armor: Robe              |    22 |     6 |    12 ||    40
Dodge: Dodged            |    48 |    29 |    31 ||   108

Table legend: (Time is in decaauts)
 A = Elapsed time spent in this place.
 B = Non-inter-level travel time spent in this place.
 C = Inter-level travel time spent in this place.
 D = Time resting spent in this place.
 E = Time spent auto-exploring this place.
 F = Levels seen in this place.
 G = Mean time per level.
                   A        B        C        D        E       F      G
               +--------+--------+--------+--------+--------+-----+--------+
         Total |   5864 |   5714 |    150 |    103 |   4818 |   7 |  837.7 |
       Dungeon |   5852 |   5703 |    149 |    103 |   4818 |   6 |  975.3 |
        Temple |     12 |     12 |      0 |      0 |      0 |   1 |   12.0 |
               +--------+--------+--------+--------+--------+-----+--------+

Top non-repeatable levels by time:
     D:2: 1158 daAuts
     D:4: 1097 daAuts
     D:5: 1072 daAuts
     D:1: 941 daAuts
     D:3: 829 daAuts
     D:6: 751 daAuts
  Temple: 12 daAuts
